 Dungeon Crawl Stone Soup version 0.31.0-11-ge490571c62 (webtiles) character file.

Game seed: 3341630853771358069

373 Pooter the Chopper (level 6, -3/56 HPs)
             Began as a Minotaur Berserker on Jan 27, 2024.
             Was a Priest of Trog.
             Slain by a kobold brigand
             ... wielding a +0 club
              (4 damage)
             ... on level 3 of the Dungeon.
             The game lasted 00:10:45 (2599 turns).

Pooter the Chopper (Minotaur Berserker)             Turns: 2599, Time: 00:10:45

Health: -3/56      AC:  8    Str: 23    XL:     6   Next: 43%
Magic:  5/5        EV:  9    Int:  4    God:    Trog [***...]
Gold:   106        SH:  0    Dex: 10    Spells: 5/5 levels left

rFire   + . .        a - +0 war axe
rCold   . . .        (no shield)
rNeg    . . .        d - +0 chain mail
rPois   .            (helmet restricted)
rElec   .            (no cloak)
rCorr   .            (no gloves)
SInv    .            (no boots)
Will    .....        (no amulet) Stlth
                     F - ring of protection from fire
HPRegen 0.29/turn    (no ring)
MPRegen 0.09/turn

%: no passive effects
@: lethally poisoned (-3 -> -13), slowed, very slow
A: horns 2, retaliatory headbutt
a: Renounce Religion, Berserk, Trog's Hand


You were on level 3 of the Dungeon.
You worshipped Trog.
Trog was most pleased with you.
You visited 1 branch of the dungeon, and saw 3 of its levels.

You collected 106 gold pieces.

Inventory:

Hand Weapons
 a - a +0 war axe (weapon)
   (You took it off an orc on level 3 of the Dungeon)
 b - a +1 heavy sling
   (You found it on level 2 of the Dungeon)
 g - a +0 morningstar
   (You took it off an orc on level 3 of the Dungeon)
Missiles
 h - 2 boomerangs
 k - 11 poisoned darts
 Q - 15 stones (quivered)
Armour
 d - a +0 chain mail (worn)
   (You took it off an orc on level 3 of the Dungeon)
 l - a +0 pair of boots
   (You found it on level 1 of the Dungeon)
Jewellery
 F - a ring of protection from fire (left hand)
   (You found it on level 1 of the Dungeon)
Wands
 D - a wand of digging (3)
   (You found it on level 3 of the Dungeon)
Scrolls
 i - a scroll of fog {unknown}
 j - 2 scrolls of fear
 t - a scroll of teleportation {@r4}
Potions
 c - 2 potions of degeneration {unknown}
 e - a potion of lignification {unknown}
 f - 2 potions of mutation {unknown}


   Skills:
 + Level 5.2 Fighting
 * Level 6.5 Axes
 * Level 3.8 Ranged Weapons
 - Level 2.4 Armour
 - Level 2.1 Dodging


You had 5 spell levels left.
You didn't know any spells.
Your spell library was empty.

Dungeon Overview and Level Annotations

Branches:
Dungeon (3/15) Zot: 15298

Altars:


Innate Abilities, Weirdness & Mutations

You have a pair of horns on your head.
You reflexively headbutt those who attack you in melee.


Message History

You kill the kobold!
Trog accepts your kill.
You start waiting.
A hobgoblin comes into view. It is wielding a +0 club.
You shoot a sling bullet. The hobgoblin shouts!
The sling bullet hits the hobgoblin!
You kill the hobgoblin!
Trog accepts your kill.
You hear a shout!
You start waiting.
A kobold brigand comes into view.
It is wielding a +0 club and quivering curare-tipped darts.
You shoot a sling bullet.
The sling bullet closely misses the kobold brigand.
The kobold brigand throws a curare-tipped dart.
The curare-tipped dart completely misses you.
You shoot a sling bullet.
The sling bullet hits the kobold brigand!
The kobold brigand throws a curare-tipped dart.
The curare-tipped dart hits you.
You are poisoned.
You have difficulty breathing.
You feel yourself slow down.
The kobold brigand throws a curare-tipped dart.
The curare-tipped dart hits you.
You are more poisoned.
You have difficulty breathing.
You feel as though you will be slow longer.
You shoot a sling bullet.
The sling bullet hits the kobold brigand!
You feel extremely sick.
The kobold brigand throws a curare-tipped dart.
The curare-tipped dart hits you.
You are more poisoned.
You have difficulty breathing.
* * * LOW HITPOINT WARNING * * *
You feel as though you will be slow longer.
a - a +0 war axe (weapon)
* * * LOW HITPOINT WARNING * * *
You feel very sick.
* * * LOW HITPOINT WARNING * * *
You feel extremely sick. The kobold brigand barely misses you.
The kobold brigand hits you with a +0 club.
* * * LOW HITPOINT WARNING * * *
You closely miss the kobold brigand.
* * * LOW HITPOINT WARNING * * *
You feel very sick.
The kobold brigand hits you with a +0 club.
You die...

#.†.....# #.# #.#####.# #.#
#.# #.# #.#######
#.#####.#### #.##....#
#.#........# #.##.##.#
#.#.###.##.# ##.##.##.#####
#....>..##.###...#.#......#
###.######..........).###.#
#.# #####.@K#.##.# #.# #.#
##.##.##.###.## ##.#
#.##.##.##~~~##### #..#
#.##....~~~~~~~~~# #.##
##)#####~~~~≈~≈~### #.#
##.).#######≈≈≈### #.####
##..........##### #.##.##
##........... .g.
#.#...####.........###....


You could see a kobold brigand.

Vanquished Creatures
  A kobold brigand (D:3)
  A scorpion (D:3)
  An orc priest (D:3)
  3 orc wizards (D:3)
  Terence (D:3)
  3 adders
  2 ribbon worms (D:2)
  7 orcs (D:3)
  4 bats
  4 endoplasms
  4 giant cockroaches
  9 goblins
  5 hobgoblins
  9 jackals
  6 kobolds
  5 quokkas
  6 ball pythons
  2 frilled lizards
  8 rats
81 creatures vanquished.

Notes
Turn   | Place    | Note
-------+----------+-------------------------------------------
     0 | D:1      | Pooter the Minotaur Berserker began the quest for the Orb.
     0 | D:1      | Reached XP level 1. HP: 19/19 MP: 0/0
   113 | D:1      | Reached skill level 4 in Axes
   181 | D:1      | Reached XP level 2. HP: 26/27 MP: 1/1
   509 | D:1      | Reached ** piety under Trog
   790 | D:2      | Reached XP level 3. HP: 33/33 MP: 2/2
  1069 | D:2      | Reached skill level 1 in Ranged Weapons
  1569 | D:3      | Reached skill level 5 in Axes
  1648 | D:3      | Reached XP level 4. HP: 9/41 MP: 3/3
  1849 | D:3      | Noticed a scorpion
  1852 | D:3      | Killed a scorpion
  1905 | D:3      | Reached XP level 5. HP: 47/47 MP: 4/4
  1969 | D:3      | Reached skill level 5 in Fighting
  1969 | D:3      | Reached skill level 6 in Axes
  1999 | D:3      | Noticed Terence
  2007 | D:3      | Killed Terence
  2008 | D:3      | Reached XP level 6. HP: 47/56 MP: 5/5
  2281 | D:3      | Reached *** piety under Trog
  2599 | D:3      | HP: 1/56 [poisoned by a kobold brigand (curare-tipped
                  | dart)]
  2599 | D:3      | Slain by a kobold brigand

Illustrated notes

Levels and vault maps discovered:
D:1:      matt_arrival_los_fun, layout_loops_ring
D:2:      layout_loops_ring
D:3:      cheibrodos_thug_alley, layout_loops_corners, uniq_terence, uniq_ijyb

Skill      XL: |  1  2  3  4  5 |
---------------+----------------+-----
Axes           | 4 5 6 |  6.5
Fighting       | 4 5 |  5.2
Ranged Weapons | 1 2 3 |  3.8
Armour         | |  2.4
Dodging        | |  2.1

Action                     |  1- 3 |  4- 6 || total
---------------------------+-------+-------++-------
  Melee: Hand axe          |    79 |    11 ||    90
         Headbutt          |     8 |     7 ||    15
         War axe           |       |    23 ||    23
         Punch             |       |     2 ||     2
   Fire: Sling             |    30 |    36 ||    66
 Invoke: Berserk           |       |     3 ||     3
         Trog's Hand       |       |     1 ||     1
    Use: Scroll            |     2 |       ||     2
         Potion            |       |     1 ||     1
 Armour: Skin              |     4 |       ||     4
         Ring mail         |    51 |    19 ||    70
         Animal skin       |     2 |       ||     2
         Chain mail        |       |    20 ||    20
  Dodge: Dodged            |    53 |    28 ||    81
